 Dungeon Crawl Stone Soup version 0.18.1-47-g9310371 (webtiles) character file.

97 sleepydude the Conjurer (level 4, -8/24 HPs)
             Began as a Deep Elf Conjurer on June 16, 2016.
             Mangled by Sigmund
             ... wielding a +0 scythe
              (12 damage)
             ... on level 2 of the Dungeon.
             The game lasted 00:12:42 (1887 turns).

sleepydude the Conjurer (Deep Elf Conjurer)         Turns: 1887, Time: 00:12:42

Health: -8/24      AC:  3    Str:  5    XL:     4   Next: 42%
Magic:  9/13       EV: 13    Int: 21    God:
Gold:   24         SH:  0    Dex: 19    Spells: 2 memorised, 10 levels left

rFire  . . .     SeeInvis .     (no weapon)
rCold  . . .     Gourm    .     a - +0 robe
rNeg   . . .     Faith    .     (no shield)
rPois  .         Spirit   .     (no helmet)
rElec  .         Dismiss  .     e - +0 cloak
rCorr  +         Reflect  .     (no gloves)
SustAt .         Harm     .     (no boots)
MR     .....                    (no amulet)
Stlth  ++........               k - +4 ring of dexterity
                                f - ring of resist corrosion

@: not resistant to hostile enchantments, unstealthy
A: no striking features
a: no special abilities


You were on level 2 of the Dungeon.
You were not hungry.

You visited 1 branch of the dungeon, and saw 2 of its levels.

You collected 24 gold pieces.

Inventory:

Armour
 a - a +0 robe (worn)
 e - a +0 cloak (worn)
Jewellery
 f - a ring of resist corrosion (left hand)
 k - a +4 ring of dexterity (right hand)
Scrolls
 h - a scroll of recharging {unknown}
 i - a scroll of fear {unknown}
 j - a scroll of magic mapping {unknown}
 m - a scroll of identify {unknown}
Potions
 d - a potion of cure mutation {unknown}
 l - a potion of agility {unknown}
 n - a potion of flight {unknown}
Books
 b - a book of Conjurations

   Spells                             Type                      Level
   a - Magic Dart                     Conjuration                  1
   b - Searing Ray                    Conjuration                  2
   c - Dazzling Spray                 Conjuration/Hexes            3
   d - Fulminant Prism                Conjuration/Hexes            4
   e - Iskenderun's Mystic Blast      Conjuration                  4
   f - Iskenderun's Battlesphere      Conjuration/Charms           5
Comestibles
 c - a bread ration
 g - a meat ration


   Skills:
 - Level 2.4 Dodging
 - Level 2.4 Stealth
 + Level 5.0 Spellcasting
 + Level 5.5 Conjurations


You had 10 spell levels left.
You knew the following spells:

 Your Spells              Type           Power        Failure   Level  Hunger
a - Magic Dart            Conj           ####         1%          1    None
b - Searing Ray           Conj           ####..       1%          2    None


Dungeon Overview and Level Annotations

Branches:
Dungeon (2/15)

Altars:

Annotations:
D:2 Sigmund


Message History

Casting: Searing Ray
Confirm with . or Enter, or press ? or * to list all spells.
You don't know that spell.
Casting: Searing Ray
Confirm with . or Enter, or press ? or * to list all spells.
You can't see any susceptible monsters within range! (Use Z to cast anyway.)
Casting: Searing Ray
Confirm with . or Enter, or press ? or * to list all spells.
You don't know that spell.
Casting: Searing Ray
Confirm with . or Enter, or press ? or * to list all spells.
You can't see any susceptible monsters within range! (Use Z to cast anyway.)
Casting: Searing Ray
Confirm with . or Enter, or press ? or * to list all spells.
You can't see any susceptible monsters within range! (Use Z to cast anyway.)
Something hits you!
* * * LOW HITPOINT WARNING * * *
Something hits you!
Ouch! That really hurt!
You die...

... #.# # #### ... .###
...####.# ########.#. .
..##.# #.......#..
#.#.##.# #.#....†...
#.#.##.###.#........
#..........#........
###@#.####.#..#.....
#.#.##............
#......#.##.#.÷....†#..
########.##.#.#.......#
#......#.......#
####.#########.# #.##
###.# #..# #....
#######.### #....


There were no monsters in sight!

Vanquished Creatures
  Terence (D:2)
  3 adders
  A worm (D:2)
  3 giant geckos (D:2)
  A ball python (D:1)
  3 bats (D:1)
  5 giant cockroaches
  3 goblins (D:1)
  2 hobgoblins
  4 kobolds
  8 giant newts
  6 rats
40 creatures vanquished.

Notes
Turn   | Place    | Note
--------------------------------------------------------------
     0 | D:1      | sleepydude the Deep Elf Conjurer began the quest for the Orb.
     0 | D:1      | Reached XP level 1. HP: 10/10 MP: 6/6
   371 | D:1      | Reached XP level 2. HP: 15/15 MP: 5/8
   864 | D:1      | Reached XP level 3. HP: 19/19 MP: 6/10
   977 | D:1      | Reached skill level 5 in Conjurations
  1038 | D:1      | Learned a level 2 spell: Searing Ray
  1231 | D:2      | Noticed Terence
  1309 | D:2      | Killed Terence
  1385 | D:2      | Reached XP level 4. HP: 18/24 MP: 8/12
  1662 | D:2      | Found a faded altar to an unknown god.
  1836 | D:2      | Reached skill level 5 in Spellcasting
  1878 | D:2      | Noticed Sigmund
  1887 | D:2      | Mangled by Sigmund

Skill      XL: |  1  2  3  4 |
---------------+-------------+-----
Spellcasting   | 4 5 |  5.0
Conjurations   | 5 |  5.5
Dodging        | |  2.4
Stealth        | |  2.4

Action                   |  1- 3 |  4- 6 || total
-------------------------+-------+-------++-------
Melee: Unarmed           |     3 |       ||     3
 Cast: Magic Dart        |    61 |    18 ||    79
       Searing Ray       |     2 |     2 ||     4
  Eat: Chunk             |     1 |     2 ||     3
Armor: Robe              |     7 |     1 ||     8
Dodge: Dodged            |    10 |       ||    10
